 Dungeon Crawl Stone Soup version 0.32-a0-768-g0f6f1dd4b9 (webtiles) character file.

Game seed: 1198485684306164370

4166 Aldia the Cleaver (level 10, -5/129 HPs)
             Began as a Mountain Dwarf Reaver on Mar 18, 2024.
             Was a Believer of Yredelemnul.
             Slain by an angel
             ... wielding a +2 whip of holy wrath
             ... created by the Shining One
              (8 damage)
             ... on level 8 of the Dungeon.
             The game lasted 00:17:35 (7786 turns).

Aldia the Cleaver (Mountain Dwarf Reaver)           Turns: 7786, Time: 00:17:36

Health: -5/129     AC: 12    Str: 18    XL:     10   Next: 7%
Magic:  13/13      EV:  9    Int: 15    God:    Yredelemnul [**....]
Gold:   66         SH:  5    Dex: 14    Spells: 9/13 levels left

rFire   . . .        m - +2 hand axe (elec)
rCold   . . .        (no shield)
rNeg    . . .        u - +2 scale mail {rPois}
rPois   +            (no helmet)
rElec   .            (no cloak)
rCorr   .            (no gloves)
SInv    .            f - +1 pair of boots
Will    +....        n - amulet of reflection Stlth
                     z - +6 ring of dexterity
HPRegen 0.41/turn    (no ring)
MPRegen 0.13/turn

%: reflection
@: berserking, silenced, very quick
A: runic magic, artefact enchanting
a: Renounce Religion


You were on level 8 of the Dungeon.
You worshipped Yredelemnul.
Yredelemnul was noncommittal.
You visited 2 branches of the dungeon, and saw 9 of its levels.

You collected 384 gold pieces.
You spent 318 gold pieces at shops.

Inventory:

Hand Weapons
 m - a +2 hand axe of electrocution (weapon)
 w - a +0 war axe
 y - a +0 battleaxe
Missiles
 r - 4 throwing nets
Armour
 f - a +1 pair of boots (worn)
 u - a +2 scale mail of poison resistance (worn)
Jewellery
 n - an amulet of reflection (around neck)
 z - a +6 ring of dexterity (left hand)
Wands
 s - a wand of polymorph (10)
Scrolls
 b - a scroll of brand weapon {unknown}
 e - a scroll of torment {unknown}
 g - 3 scrolls of vulnerability
 j - a scroll of fog {unknown}
 l - a scroll of blinking {unknown}
 v - a scroll of poison {unknown}
 x - a scroll of noise
Potions
 c - a potion of lignification
 d - a potion of berserk rage
 h - a potion of heal wounds
 k - a potion of attraction
 o - 2 potions of curing
 p - a potion of haste
 q - a potion of enlightenment
 t - 2 potions of brilliance


   Skills:
 + Level 7.6 Fighting
 * Level 11.4 Axes
 + Level 6.8 Armour
 - Level 1.3 Dodging
 - Level 2.0 Spellcasting
 - Level 2.7 Conjurations
 - Level 7.0 Necromancy
 + Level 2.1 Invocations


You had 9 spell levels left.
You knew the following spells:

 Your Spells              Type           Power      Damage    Failure   Level
a - Kiss of Death         Conj/Necr      64%        2d10      3%          1
b - Fugue of the Fallen   Necr           22%        N/A       4%          3

Your spell library contained the following spells:

 Spells                   Type           Power      Damage    Failure   Level
 Sublimation of Blood     Necr           22%        N/A       2%          2
 Magic Dart               Conj           36%        1d4       9%          1
 Searing Ray              Conj           18%        2d5       14%         2
 Momentum Strike          Conj/Tloc      10%        3d8       24%         2
 Blink                    Tloc           2%         N/A       38%         2
 Call Imp                 Summ           2%         N/A       38%         2
 Hailstorm                Conj/Ice       5%         3d5       43%         3
 Ozocubu's Armour         Ice            1%         N/A       63%         3
 Fulminant Prism          Conj/Alch      2%         3d5       85%         4
 Manifold Assault         Tloc           1%         N/A       95%         4
 Olgreb's Toxic Radiance  Alch           1%         N/A       95%         4
 Ozocubu's Refrigeration  Ice            0%         4d7       100%        7
 Summon Hydra             Summ           0%         N/A       100%        7
 Discord                  Hex            0%         N/A       100%        8


Dungeon Overview and Level Annotations

Branches:
Dungeon (8/15)             Temple (1/1) D:5
   Lair: D:8-11

Altars:
Ashenzari
Cheibriados
Dithmenos
Elyvilon
Fedhas
Gozag
Hepliaklqana
Makhleb
Okawaru
Ru
Sif Muna
Trog
Uskayaw
Vehumet
Wu Jian
Xom
Yredelemnul
Zin
The Shining One

Shops:
D:1 !=:   D:2 [


Innate Abilities, Weirdness & Mutations

Your spellcasting is much less encumbered by armour.
You can use scrolls of enchantment on lesser artefacts.


Message History

The angel hits you but does no damage.
You hit the angel.
Flame seeps out of the angel.
The angel is lightly wounded.
Your hornet zombie completely misses the angel.
The angel is engulfed in blazing flames.
Flame seeps out of the angel.
The angel barely misses you. The angel hits you but does no damage.
You miss the angel.
The angel is lightly wounded.
You completely miss the angel.
The angel is lightly wounded.
The angel is engulfed in blazing flames.
Flame seeps out of the angel.
The angel hits you with a +2 whip of holy wrath!!
The angel hits you with a +2 whip of holy wrath!
Your hornet zombie hits the angel.
Flame seeps out of the angel.
You closely miss the angel.
The angel is lightly wounded.
The angel is engulfed in blazing flames.
Flame seeps out of the angel.
You block the angel's attack.
The angel hits you with a +2 whip of holy wrath.
Your hornet zombie misses the angel.
You completely miss the angel.
The angel is moderately wounded.
The angel hits you with a +2 whip of holy wrath!!
* * * LOW HITPOINT WARNING * * *
The angel hits you with a +2 whip of holy wrath.
* * * LOW HITPOINT WARNING * * *
You barely miss the angel.
The angel is moderately wounded.
Your hornet zombie barely misses the angel.
You hit the angel.
Flame seeps out of the angel.
The angel is moderately wounded.
The angel is engulfed in blazing flames.
Flame seeps out of the angel.
The angel hits you with a +2 whip of holy wrath!!
* * * LOW HITPOINT WARNING * * *
The angel hits you with a +2 whip of holy wrath!
You die...
Your body rises from the dead as a mindless zombie.

#.......# #.#...#
#.......# #.#.#..
#.......# #.#.##.
#.......# #.#.###
#>...).## #.#. #
#......# #.#. #
#.<....###
#......Z.###
#......#A@.# #
#......#......§§.
#.......§§§≈≈≈§≈§
#######.§§....§§.
#..≈§≈§≈≈≈.
#§.≈.≈.._≈.
#..≈.≈.§≈§.
#....§.§.§.


You could see an angel (inner flame, unsilenced, ally target) and a friendly
hornet zombie (inner flame).

Vanquished Creatures
  A hornet (D:8)
  An acid dragon (D:7)
  2 water moccasins (D:6)
  2 black bears
  An orc warrior (D:8)
  2 sky beasts (D:7)
  An ice beast (D:7)
  A centaur (D:8)
  3 phantoms
  A kobold brigand (D:7)
  3 bullfrogs
  A gnoll sergeant (D:5)
  4 scorpions
  5 wights (D:6)
  A howler monkey (D:6)
  3 jellies
  A bombardier beetle (D:3)
  A hound (D:4)
  2 gnoll boudas
  3 orc priests
  2 sleepcaps
  6 orc wizards
  14 gnolls
  3 adders
  A white imp (D:5)
  3 ufetubi (D:5)
  4 dart slugs
  4 ribbon worms
  19 orcs
  4 ball pythons
  8 endoplasms
  4 giant cockroaches
  10 goblins
  12 hobgoblins
  2 jackals (D:1)
  3 quokkas
  5 bats
  7 kobolds
  8 rats
158 creatures vanquished.

Vanquished Creatures (collateral kills)
  A two-headed ogre (D:8)
  A black bear (D:5)
  A bullfrog (D:6)
  4 wights (D:8)
  A jelly (D:7)
  An orc wizard (D:8)
  A gnoll (D:5)
  An adder (D:5)
  A ribbon worm (D:5)
  3 orcs
  2 kobolds (D:7)
17 creatures vanquished.

Vanquished Creatures (others)
  Sigmund (D:6)
  A two-headed ogre zombie (D:8)
  A centaur zombie (D:8)
  A scorpion zombie (D:6)
  A jelly zombie (D:5)
  A spectral white imp (D:5)
  5 gnoll zombies (D:6)
  A kobold zombie (D:7)
  7 orc zombies
  A spectral ufetubus (D:5)
20 creatures vanquished.

Grand Total: 195 creatures vanquished

Notes
Turn   | Place    | Note
-------+----------+-------------------------------------------
     0 | D:1      | Aldia the Mountain Dwarf Reaver began the quest for the
                  | Orb.
     0 | D:1      | Reached XP level 1. HP: 17/17 MP: 3/3
    48 | D:1      | Reached skill level 4 in Axes
    48 | D:1      | Reached XP level 2. HP: 21/25 MP: 3/5
   204 | D:1      | Reached skill level 1 in Necromancy
   206 | D:1      | Found a faded altar of an unknown god.
   444 | D:1      | Found Plog's Jewellery Emporium.
   465 | D:1      | Reached XP level 3. HP: 26/30 MP: 6/6
   489 | D:1      | Found Safesiyf's Distillery.
   497 | D:1      | Bought a potion of degeneration for 13 gold pieces
   809 | D:1      | Found Agelesok's Book Shoppe.
  1231 | D:2      | Found Kistum's Antique Armour Emporium.
  1307 | D:2      | Learned a level 3 spell: Fugue of the Fallen
  1402 | D:2      | Found an iron altar of Okawaru.
  1432 | D:2      | Reached XP level 4. HP: 32/37 MP: 7/7
  1865 | D:3      | Reached skill level 1 in Armour
  1978 | D:3      | Found a glowing golden altar of the Shining One.
  2167 | D:3      | Became a worshipper of the Shining One
  2272 | D:3      | Reached XP level 5. HP: 37/45 MP: 8/8
  2393 | D:3      | Reached skill level 1 in Invocations
  2651 | D:3      | Reached skill level 5 in Axes
  3004 | D:4      | Reached XP level 6. HP: 44/52 MP: 9/9
  3141 | D:4      | Found a shadowy altar of Dithmenos.
  3145 | D:4      | Found a sacrificial altar of Ru.
  3247 | D:4      | Reached skill level 6 in Axes
  3787 | D:5      | Entered Level 5 of the Dungeon
  3915 | D:5      | Found a staircase to the Ecumenical Temple.
  3919 | Temple   | Entered the Ecumenical Temple
  3930 | Temple   | Reached XP level 7. HP: 48/60 MP: 10/10
  3951 | Temple   | Fell from the grace of the Shining One
  3951 | Temple   | Became a worshipper of Yredelemnul the Fallen
  3982 | D:5      | Found an iron altar of Okawaru.
  4079 | D:5      | Found an opulent altar of Gozag.
  4251 | D:5      | Reached skill level 7 in Axes
  4254 | D:5      | Reached skill level 5 in Fighting
  4277 | D:5      | Reached XP level 8. HP: 8/68 MP: 11/11
  4862 | D:2      | Bought a glowing scale mail for 175 gold pieces
  4998 | D:6      | Reached skill level 8 in Axes
  5100 | D:6      | Found a hide-covered altar of Uskayaw.
  5102 | D:6      | Reached * piety under Yredelemnul
  5242 | D:6      | Found a hazy altar of Hepliaklqana.
  5374 | D:6      | Reached skill level 5 in Necromancy
  5549 | D:6      | Noticed Sigmund
  5562 | D:6      | Killed Sigmund
  5563 | D:6      | Reached skill level 5 in Armour
  5626 | D:6      | Reached skill level 9 in Axes
  5828 | D:6      | Noticed Eustachio
  5829 | D:6      | Eustachio changed into Eustachio the howler monkey
  5829 | D:6      | Noticed Eustachio
  5831 | D:6      | Killed Eustachio the howler monkey
  6055 | D:6      | Reached XP level 9. HP: 60/72 MP: 12/12
  6342 | D:7      | Reached skill level 10 in Axes
  7052 | D:1      | Bought a potion of brilliance for 52 gold pieces
  7052 | D:1      | Bought a potion of attraction for 39 gold pieces
  7052 | D:1      | Bought a potion of curing for 39 gold pieces
  7215 | D:8      | Noticed a two-headed ogre
  7226 | D:8      | Killed a two-headed ogre
  7231 | D:8      | Reached skill level 11 in Axes
  7312 | D:8      | Reached ** piety under Yredelemnul
  7497 | D:8      | Paralysed by a hornet for 3 turns
  7511 | D:8      | HP: 3/79 [bullfrog (7)]
  7532 | D:8      | Reached XP level 10. HP: 67/86 MP: 13/13
  7773 | D:8      | Noticed an angel
  7773 | D:8      | Found a shimmering blue altar of Sif Muna.
  7786 | D:8      | HP: 3/129 [angel/+2 whip of holy wrath[the Shining One]
                  | (19)]
  7786 | D:8      | Slain by an angel

Illustrated notes

Levels and vault maps discovered:
D:1:      dpeg_arrival_leaves_temple_mockup, layout_loops_corners,
          chequers_ecumenical_altar_island, serial_shops, nicolae_shop_trees,
          nicolae_shop_temple_entry_statues_fountains, shop
D:2:      layout_basic, basic_altar, serial_shops, shop_fountains
D:3:      layout_loops_corners, mainiacjoe_overflow_catwalk, chequers_jeans,
          guppyfry_early_orc_mine
D:4:      layout_loops_cross, grunt_temple_overflow_open,
          corexii_mini_fake_secret_closet, minmay_misc_feat_rugged
D:5:      layout_basic, nicolae_gozag_cash_rules_everything_around_me,
          mainiacjoe_overflow_alcove_2, temple_statues, nrook_uturn,
          amcnicky_mini_pool_medium
D:6:      layout_basic, kennysheep_mini_moat, nicolae_uskayaw_suspiria,
          uniq_eustachio, uniq_sigmund
D:7:      layout_loops_ring
D:8:      layout_basic, mainiacjoe_overflow_catwalk_spiral
Temple:   minmay_temple_curvy_loop

Skill      XL: |  1  2  3  4  5  6  7  8  9 10 |
---------------+-------------------------------+-----
Axes           | 4 5 6 7 9 11 | 11.4
Spellcasting   | 2 |  2.0
Necromancy     | 1 2 3 4 5 7 |  7.0
Fighting       | 3 4 5 6 7 |  7.6
Armour         | 1 2 3 4 5 6 |  6.8
Invocations    | 1 2 |  2.1
Dodging        | |  1.3
Conjurations   | |  2.7

Action                     |  1- 3 |  4- 6 |  7- 9 | 10-12 || total
---------------------------+-------+-------+-------+-------++-------
  Melee: Hand axe          |    51 |    86 |   282 |    12 ||   431
         Dagger            |    61 |   104 |       |       ||   165
   Cast: Kiss of Death     |     2 |       |       |       ||     2
 Invoke: Light the Black T |       |       |     4 |       ||     4
  Evoke: Wand              |       |       |     2 |       ||     2
    Use: Potion            |       |       |     5 |     1 ||     6
         Scroll            |       |       |     5 |     2 ||     7
 Armour: Leather armour    |    67 |     1 |       |       ||    68
         Ring mail         |       |   122 |    42 |       ||   164
         Scale mail        |       |       |   156 |    21 ||   177
  Dodge: Dodged            |    50 |    68 |    80 |     7 ||   205
  Block: Other             |       |     4 |    58 |     3 ||    65

Table legend: (Time is in decaauts)
 A = Elapsed time spent in this place.
 B = Non-inter-level travel time spent in this place.
 C = Inter-level travel time spent in this place.
 D = Time resting spent in this place.
 E = Time spent auto-exploring this place.
 F = Levels seen in this place.
 G = Mean time per level.
                   A        B        C        D        E       F      G
               +--------+--------+--------+--------+--------+-----+--------+
         Total |   7764 |   6761 |   1003 |     60 |   5274 |   9 |  862.7 |
       Dungeon |   7708 |   6748 |    960 |     60 |   5274 |   8 |  963.5 |
        Temple |     55 |     12 |     43 |      0 |      0 |   1 |   55.0 |
               +--------+--------+--------+--------+--------+-----+--------+

Top non-repeatable levels by time:
     D:1: 1284 daAuts
     D:6: 1169 daAuts
     D:3: 1126 daAuts
     D:4: 1118 daAuts
     D:5: 968 daAuts
     D:7: 752 daAuts
     D:2: 706 daAuts
     D:8: 582 daAuts
  Temple: 55 daAuts
